 Dungeon Crawl Stone Soup version 0.21.1-1-g345015f (webtiles) character file.

275 infcreate the Shield-Bearer (level 6, -10/53 HPs)
             Began as a Minotaur Fighter on May 28, 2018.
             Was a Believer of Trog.
             Killed from afar by Phong's ghost (13 damage)
             ... with a puff of frost
             ... on level 4 of the Dungeon.
             The game lasted 00:12:04 (3110 turns).

infcreate the Shield-Bearer (Minotaur Fighter)      Turns: 3110, Time: 00:12:04

Health: -10/53     AC: 11    Str: 28    XL:     6   Next: 3%
Magic:  5/5        EV:  6    Int:  5    God:    Trog [**....]
Gold:   146        SH: 10    Dex:  9    Spells: 5/5 levels left

rFire    + . .     SeeInvis .   a - +0 war axe
rCold    . . .     Gourm    .   c - +0 shield
rNeg     . . .     Faith    +   n - +2 chain mail {rF+}
rPois    .         Spirit   .   (helmet restricted)
rElec    .         Reflect  .   (no cloak)
rCorr    .         Harm     .   (no gloves)
MR       .....                  (no boots)
Stlth    ..........             j - amulet of faith
HPRegen  0.17/turn              (no ring)
MPRegen  0.09/turn              (no ring)

@: mighty
A: retaliatory headbutt, horns 2
a: Berserk, Trog's Hand, Burn Spellbooks, Renounce Religion


You were on level 4 of the Dungeon.
You worshipped Trog.
Trog was pleased with you.
You were very hungry.

You visited 1 branch of the dungeon, and saw 4 of its levels.

You collected 146 gold pieces.

Inventory:

Hand Weapons
 a - a +0 war axe (weapon)
Armour
 c - a +0 shield (worn)
 n - a +2 chain mail of fire resistance (worn)
Jewellery
 j - an amulet of faith (around neck)
Scrolls
 i - 2 scrolls of identify
 k - 3 scrolls of amnesia {unknown}
 l - a scroll of magic mapping {unknown}
 m - 2 scrolls of teleportation {unknown}
 o - a scroll of remove curse {unknown}
 p - a scroll of enchant weapon {unknown}
 q - a scroll of immolation {unknown}
 r - a scroll of fear {unknown}
Potions
 b - a potion of resistance {unknown}
 d - a potion of might
 e - a potion of ambrosia {unknown}
 g - a potion of flight {unknown}
 h - a potion of degeneration {unknown}
 s - a potion of curing {unknown}
Comestibles
 f - 10 rations


   Skills:
 + Level 4.7 Fighting
 + Level 5.0 Axes
 + Level 4.7 Armour
 + Level 5.3 Shields


You had 5 spell levels left.
You didn't know any spells.

Dungeon Overview and Level Annotations

Branches:
Dungeon (4/15)
 Temple: D:4-7

Altars:
Trog

Annotations:
D:4 1 runed door, Phong's ghost, amateur OpIE


Innate Abilities, Weirdness & Mutations

You reflexively headbutt those who attack you in melee.
You have a pair of horns on your head.


Message History

* * * LOW HITPOINT WARNING * * *
Phong's ghost casts a spell at you.
You are frozen.
* * * LOW HITPOINT WARNING * * *
You feel very mighty all of a sudden.
Phong's ghost hits you but does no damage.
You slash Phong's ghost!
Phong's ghost is almost destroyed.
Phong's ghost hits you but does no damage.
You barely miss Phong's ghost. Your headbutt misses Phong's ghost.
Phong's ghost is almost destroyed.
Phong's ghost hits you but does no damage.
Phong's ghost casts a spell at you. The puff of frost hits you!
* * * LOW HITPOINT WARNING * * *
You hit Phong's ghost but do no damage.
Phong's ghost is severely damaged.
Phong's ghost stares at you and mumbles some strange words.
The puff of frost hits you!
You die...

#..##.............. #.#
#..##.......)..!$..# #.#
#./##..............# #.#
#..##$.............# #.#
#..##...........?..# #.#
#..##..............###.#
##..##..............#.#.#
..)>##......<>......'.#.#
##).##.?........@...# #.#
##.)##..........W...#.#.#
.#..##############....#.#
.#..# #.####.# ....# #.#
#.# #.#.# #.# #.# #.#.#
#.# #.# #.#.# #.# #.#
#.#.## #.# #.#


You could see Phong's ghost.

Vanquished Creatures
  A hound (D:4)
  An orc priest (D:3)
  Terence (D:3)
  Robin (D:3)
  4 adders
  4 gnolls (D:4)
  An adder skeleton (D:3)
  A worm (D:2)
  2 leopard geckos (D:4)
  6 orcs
  7 giant cockroaches
  15 goblins
  12 hobgoblins
  7 jackals
  2 ball pythons (D:4)
  A ball python skeleton (D:4)
  10 bats
  4 frilled lizards
  5 kobolds
  A leopard gecko skeleton (D:4)
  A leopard gecko zombie (D:3)
  A quokka skeleton (D:3)
  7 rats
95 creatures vanquished.

Notes
Turn   | Place    | Note
-------+----------+-------------------------------------------
     0 | D:1      | infcreate the Minotaur Fighter began the quest for the Orb.
     0 | D:1      | Reached XP level 1. HP: 19/19 MP: 0/0
    68 | D:1      | Reached XP level 2. HP: 25/27 MP: 1/1
   685 | D:2      | Reached XP level 3. HP: 33/33 MP: 2/2
   874 | D:2      | Found a bloodstained altar of Trog.
   891 | D:2      | Became a worshipper of Trog the Wrathful
  1090 | D:3      | Noticed Robin
  1387 | D:3      | Reached XP level 4. HP: 35/40 MP: 3/3
  1396 | D:3      | Killed Robin
  1513 | D:3      | Reached * piety under Trog
  1708 | D:3      | Noticed Terence
  1959 | D:3      | Killed Terence
  2070 | D:3      | Reached XP level 5. HP: 39/47 MP: 4/4
  2093 | D:4      | Noticed Phong's ghost (amateur OpIE)
  2466 | D:4      | Reached skill level 5 in Shields
  2751 | D:4      | Reached ** piety under Trog
  2857 | D:4      | Reached skill level 5 in Axes
  2857 | D:4      | Reached XP level 6. HP: 50/53 MP: 5/5
  2897 | D:4      | Found a runed door.
  3109 | D:4      | HP: 2/53 [Phong's ghost/puff of frost (10)]
  3110 | D:4      | Killed from afar by Phong's ghost

Skill      XL: |  1  2  3  4  5 |
---------------+----------------+-----
Fighting       | 4 |  4.7
Armour         | 4 |  4.7
Shields        | 4 5 |  5.3
Axes           | 3 4 5 |  5.0

Action                   |  1- 3 |  4- 6 || total
-------------------------+-------+-------++-------
Melee: War axe           |   103 |   134 ||   237
       Headbutt          |    10 |    22 ||    32
  Use: Scroll            |       |     2 ||     2
       Potion            |       |     1 ||     1
  Eat: Chunk             |     2 |     4 ||     6
Armor: Scale mail        |    71 |    30 ||   101
       Chain mail        |       |    46 ||    46
Dodge: Dodged            |    31 |    43 ||    74
Block: Shield            |    75 |    77 ||   152
